 Dungeon Crawl Stone Soup version 0.23.2 (webtiles) character file.

Game seed: 8882898133748475977

3269 Illumine the Grappler (level 9, 0/89 HPs)
             Began as a Troll Monk on Oct 14, 2019.
             Was an Elder of Okawaru.
             Slain by a yak (13 damage)
             ... on level 1 of the Lair of Beasts.
             The game lasted 00:08:44 (4993 turns).

Illumine the Grappler (Troll Monk)                  Turns: 4993, Time: 00:08:45

Health: 0/89       AC: 10    Str: 24    XL:     9   Next: 68%
Magic:  12/12      EV: 12    Int:  6    God:    Okawaru [****..]
Gold:   206        SH:  0    Dex: 12    Spells: 8/8 levels left

rFire    . . .     SeeInvis .     - Unarmed
rCold    . . .     Gourm    +   (no shield)
rNeg     + . .     Faith    .   a - +0 robe
rPois    .         Spirit   .   n - +1 hat
rElec    .         Reflect  .   o - +2 cloak {MR+}
rCorr    .         Harm     .   (gloves unavailable)
MR       +....                  (boots unavailable)
Stlth    ++........             (no amulet)
HPRegen  0.64/turn              k - ring of positive energy
MPRegen  0.13/turn              (no ring)

@: no status effects
A: large, unfitting armour, claws 3, fast metabolism 3, gourmand, regeneration
1, shaggy fur 1, tough skin 3
a: Heroism, Renounce Religion


You were on level 1 of the Lair of Beasts.
You worshipped Okawaru.
Okawaru was greatly pleased with you.
You were not hungry.

You visited 2 branches of the dungeon, and saw 9 of its levels.

You collected 468 gold pieces.
You spent 262 gold pieces at shops.

Inventory:

Missiles
 j - 63 stones (quivered)
Armour
 a - a +0 robe (worn)
 n - a +1 hat (worn)
 o - a +2 cloak of magic resistance (worn)
Jewellery
 k - a ring of positive energy (left claw)
Wands
 t - a wand of acid (15)
 v - a wand of enslavement (10)
 w - a wand of polymorph (10)
Scrolls
 c - a scroll of teleportation {unknown}
 d - 4 scrolls of fog
 e - a scroll of magic mapping
 f - 2 scrolls of noise {unknown}
 i - 4 scrolls of remove curse
 p - a scroll of fear {unknown}
 y - a scroll of immolation {unknown}
Potions
 g - 2 potions of mutation
 h - 8 potions of curing
 m - 3 potions of flight
 q - a potion of experience {unknown}
 r - 3 potions of ambrosia
 u - 2 potions of degeneration
 x - a potion of lignification {unknown}
 z - a potion of cancellation
Comestibles
 b - 16 rations


   Skills:
 + Level 5.6 Fighting
 + Level 5.6 Dodging
 - Level 1.0 Stealth
 + Level 9.0 Unarmed Combat
 * Level 5.8 Invocations


You had 8 spell levels left.
You didn't know any spells.
Your spell library contained the following spells:

 Spells                   Type           Power        Failure   Level  Hunger
 Confusing Touch          Hex            #.....       45%         1    ##.....
 Shock                    Conj/Air       #...         45%         1    ##.....
 Swiftness                Chrm/Air       #.......     58%         2    ###....
 Confuse                  Hex            #.......     83%         3    ####...
 Gell's Gravitas          Tloc           #.........   83%         3    ####...
 Static Discharge         Conj/Air       #.......     83%         3    ####...
 Airstrike                Air            #.........   99%         4    #####..
 Petrify                  Tmut/Erth      #.......     99%         4    #####..
 Lightning Bolt           Conj/Air       #.........   100%        5    ######.
 Metabolic Englaciation   Hex/Ice        #.........   100%        5    ######.
 Yara's Violent Unravell  Hex/Tmut       #.........   100%        5    ######.


Dungeon Overview and Level Annotations

Branches:
Dungeon (8/15)             Temple (0/1) D:5            Lair (1/6) D:8

Altars:
Ashenzari
Cheibriados
Dithmenos
Elyvilon
Fedhas
Nemelex Xobeh
Okawaru
Qazlal
Sif Muna
Trog
Xom
Zin
The Shining One

Shops:
D:8 [[


Innate Abilities, Weirdness & Mutations

You are too large for most types of armour.
You have claws for hands.
Your metabolism is lightning-fast.
You like to eat raw meat.
Your natural rate of healing is unusually fast.
You are covered in fur. (AC +1)
You have extremely tough skin. (AC +3)


Message History

* * * LOW HITPOINT WARNING * * *
You claw the yak!
The yak is heavily wounded.
The yak gores you but does no damage.
You scratch the yak.
The yak is heavily wounded.
The yak gores you!
* * * LOW HITPOINT WARNING * * *
You claw the yak!
The yak is severely wounded.
The blink frog blinks!
You barely miss the yak. You claw the yak!
You kill the yak!
Okawaru accepts your kill.
Your Unarmed Combat skill increases to level 9!
You see here a blink frog corpse.
You claw the yak!
The yak is moderately wounded.
The yak gores you!
You die...

## #####
##P#########.#.#########
.......................#
#)...................#
#....................#
##...Y................#
#..####Y..............#
+ #.†# #.Y########.....#
#. ##Y# #..@# #P.....#
#.#####Y####...#
##.....#
#.#.F..FF.†.....##
#.....#
......?.##.##...#
#.....##
........#####...#
#......# ......F## ....#
#.....## ........ .....#
####......# ....♣♣...
♣...... .........## ...♣
♣..♣♣.♣......
##.##....##


You could see 3 yaks.

Vanquished Creatures
  A spiny frog (Lair:1)
  Grinder (D:3)
  2 blink frogs (Lair:1)
  3 yaks (Lair:1)
  Edmund (D:5)
  2 sky beasts
  An ice beast (D:6)
  A necrophage (D:8)
  An ogre (D:7)
  A centaur (D:8)
  A crocodile (Lair:1)
  A bullfrog (D:6)
  2 scorpions
  5 wights
  3 centaur zombies
  2 crimson imps
  2 hounds
  2 jellies
  2 bullfrog skeletons (D:7)
  An orc priest (D:4)
  3 iguanas
  An orc wizard (D:4)
  7 worker ants
  A worker ant zombie (D:6)
  A hound skeleton (D:6)
  7 adders
  7 gnolls
  2 shadow imps (D:6)
  An ooze (D:3)
  An adder zombie (D:5)
  2 worms (D:5)
  4 dart slugs
  2 leopard geckos
  11 orcs
  3 giant cockroaches
  9 hobgoblins
  16 jackals
  2 quokkas (D:4)
  6 bats
  9 goblins
  6 kobolds
  A leopard gecko zombie (D:6)
  20 rats
157 creatures vanquished.

Vanquished Creatures (others)
  A fungus (Lair:1)
  A plant (Lair:1)
2 creatures vanquished.

Grand Total: 159 creatures vanquished

Notes
Turn   | Place    | Note
-------+----------+-------------------------------------------
     0 | D:1      | Illumine the Troll Monk began the quest for the Orb.
     0 | D:1      | Reached XP level 1. HP: 22/22 MP: 0/0
   245 | D:1      | Reached XP level 2. HP: 29/29 MP: 1/1
   818 | D:2      | Reached XP level 3. HP: 36/36 MP: 2/2
   894 | D:2      | Reached skill level 4 in Unarmed Combat
   943 | D:2      | Found a sparkling altar of Nemelex Xobeh.
  1416 | D:3      | Reached XP level 4. HP: 29/44 MP: 3/3
  1556 | D:3      | Noticed Grinder
  1567 | D:3      | Killed Grinder
  1567 | D:3      | Reached skill level 6 in Unarmed Combat
  1567 | D:3      | Reached XP level 5. HP: 28/50 MP: 4/4
  1567 | D:3      | Reached XP level 6. HP: 33/59 MP: 5/5
  1837 | D:3      | Found a stormy altar of Qazlal.
  1987 | D:3      | Found a glowing golden altar of the Shining One.
  2151 | D:4      | Noticed a sky beast
  2172 | D:4      | Killed a sky beast
  2172 | D:4      | Reached skill level 7 in Unarmed Combat
  2232 | D:4      | Reached XP level 7. HP: 65/67 MP: 6/6
  2505 | D:4      | Found a glowing silver altar of Zin.
  2645 | D:4      | Found a shadowy altar of Dithmenos.
  2732 | D:5      | Entered Level 5 of the Dungeon
  2739 | D:5      | Noticed Edmund
  2751 | D:5      | Killed Edmund
  2780 | D:5      | Found a shattered altar of Ashenzari.
  2780 | D:5      | Found an iron altar of Okawaru.
  2780 | D:5      | Found a deep blue altar of Sif Muna.
  2780 | D:5      | Found a bloodstained altar of Trog.
  2953 | D:5      | Found a white marble altar of Elyvilon.
  3007 | D:5      | Became a worshipper of Warmaster Okawaru
  3007 | D:5      | Reached * piety under Okawaru
  3007 | D:5      | Reached ** piety under Okawaru
  3040 | D:5      | Found a shimmering altar of Xom.
  3132 | D:5      | Reached XP level 8. HP: 57/78 MP: 7/7
  3311 | D:5      | Found a staircase to the Ecumenical Temple.
  3490 | D:5      | Reached skill level 1 in Invocations
  3763 | D:6      | Reached skill level 8 in Unarmed Combat
  3847 | D:6      | Found a glowing silver altar of Zin.
  3971 | D:6      | Found a blossoming altar of Fedhas.
  4067 | D:6      | Reached *** piety under Okawaru
  4490 | D:7      | Reached skill level 5 in Fighting
  4538 | D:8      | Found Ewes's Antique Armour Boutique.
  4573 | D:8      | Reached skill level 5 in Dodging
  4573 | D:8      | Reached XP level 9. HP: 88/88 MP: 11/11
  4687 | D:8      | Found a staircase to the Lair.
  4744 | D:8      | Found Onetzid's Antique Armour Shoppe.
  4752 | D:8      | Found a snail-covered altar of Cheibriados.
  4754 | D:8      | Bought a runed cloak for 262 gold pieces
  4802 | D:8      | Noticed a two-headed ogre
  4828 | Lair:1   | Entered Level 1 of the Lair of Beasts
  4903 | Lair:1   | Noticed a spiny frog
  4915 | Lair:1   | Killed a spiny frog
  4915 | Lair:1   | Reached skill level 5 in Invocations
  4917 | Lair:1   | Reached **** piety under Okawaru
  4983 | Lair:1   | Reached skill level 9 in Unarmed Combat
  4993 | Lair:1   | Slain by a yak

Skill      XL: |  1  2  3  4  5  6  7  8  9 |
---------------+----------------------------+-----
Unarmed Combat | 4 6 7 8 9 |  9.0
Fighting       | 3 4 5 |  5.6
Dodging        | 3 4 5 |  5.6
Invocations    | 4 5 |  5.8
Stealth        | |  1.0

Action                   |  1- 3 |  4- 6 |  7- 9 || total
-------------------------+-------+-------+-------++-------
Melee: Unarmed           |    88 |    75 |   274 ||   437
       Punch             |     1 |     2 |    11 ||    14
Throw: Stone             |       |       |     3 ||     3
  Use: Scroll            |       |       |    12 ||    12
 Stab: Sleeping          |     1 |     1 |     6 ||     8
  Eat: Chunk             |    14 |     8 |    16 ||    38
       Ration            |       |       |     2 ||     2
Armor: Robe              |    47 |    25 |    70 ||   142
Dodge: Dodged            |    42 |    25 |   138 ||   205
